| TOP OF THE 1ST |
|
Hillsboro Hops batting - Pitching for West Virginia Black Bears : RHP James Cornette
|
|
Pitching: RHP James Cornette
|
|
|
Batting: RHB Yutaka Oki
|
0-0: Ball 1-0: Foul Ball, location: 2F 1-1: Ground out 6-3 (Groundball, 6, EV 92.5 MPH)
|
|
Batting: RHB Daniel Rivera
|
0-0: Ground out 6-3 (Groundball, 6, EV 85.6 MPH)
|
|
Batting: RHB Terry Jarrells
|
0-0: Foul Ball, location: 2F 0-1: Foul Ball, location: 2F 0-2: SINGLE (Line Drive, 78S, EV 87.5 MPH)
|
|
Batting: RHB Tim Borden
|
0-0: Ball 1-0: Ball 2-0: Called Strike 2-1: Foul Ball, location: 2F 2-2: Strikes out swinging
|
| Top of the 1st over - 0 runs, 1 hit, 0 errors, 1 left on base; Hillsboro 0 - West Virginia 0 |
| BOTTOM OF THE 1ST |
|
West Virginia Black Bears batting - Pitching for Hillsboro Hops : RHP Jose Rodas
|
|
Pitching: RHP Jose Rodas
|
|
|
Batting: RHB Chris McCoy
|
0-0: Ball 1-0: Swinging Strike 1-1: Ground out U3 (Groundball, 13, EV 85.0 MPH)
|
|
Batting: LHB Norm Silveira-Wray
|
0-0: Called Strike 0-1: Swinging Strike 0-2: Ball 1-2: Strikes out swinging
|
|
Batting: LHB Joe Wise
|
0-0: Ball 1-0: Ground out 6-3 (Groundball, 6, EV 103.8 MPH)
|
| Bottom of the 1st over - 0 runs, 0 hits, 0 errors, 0 left on base; Hillsboro 0 - West Virginia 0 |
| TOP OF THE 2ND |
|
Hillsboro Hops batting - Pitching for West Virginia Black Bears : RHP James Cornette
|
|
Batting: LHB Franklin Quezada
|
0-0: Called Strike 0-1: Ball 1-1: SINGLE (Groundball, 4MD, EV 99.4 MPH) (infield hit)
|
|
Batting: RHB Danny Loyola
|
0-0: Ball Wild Pitch! Franklin Quezada to second 1-0: Foul Ball, location: 2F 1-1: Foul Ball, location: 2F 1-2: Strikes out swinging
|
|
Batting: RHB John Ricketts
|
0-0: Called Strike Franklin Quezada steals 3rd base 0-1: Ball Balk! Franklin Quezada scores 1-1: Ball 2-1: Foul Ball, location: 2F 2-2: Ball 3-2: Strikes out looking
|
|
Batting: RHB Chris McGrath
|
0-0: Called Strike 0-1: Fly out, F5 (Line Drive, 5, EV 71.2 MPH)
|
| Top of the 2nd over - 1 run, 1 hit, 0 errors, 0 left on base; Hillsboro 1 - West Virginia 0 |
| BOTTOM OF THE 2ND |
|
West Virginia Black Bears batting - Pitching for Hillsboro Hops : RHP Jose Rodas
|
|
Batting: RHB Jeff Edwards
|
0-0: Ball 1-0: Ball 2-0: Ball 3-0: Called Strike 3-1: Base on Balls
|
|
Batting: LHB Donald Imre
|
0-0: Ball 1-0: Called Strike 1-1: SINGLE (Line Drive, 9LS, EV 95.6 MPH) Jeff Edwards to second Runner from 2nd tries for 3rd, SAFE, throw by RF made to third
|
|
Batting: RHB Tom Tate
|
Pickoff Throw to First - Out! 1-3 0-0: Ball 1-0: Ball 2-0: Foul Ball, location: 2F 2-1: Ground out U3 (Groundball, 34, EV 103.8 MPH) Jeff Edwards scores
|
|
Batting: LHB Brandon Sarni
|
0-0: Ball 1-0: Fly out, F7 (Flyball, 78S, EV 90.0 MPH)
|
| Bottom of the 2nd over - 1 run, 1 hit, 0 errors, 0 left on base; Hillsboro 1 - West Virginia 1 |
| TOP OF THE 3RD |
|
Hillsboro Hops batting - Pitching for West Virginia Black Bears : RHP James Cornette
|
|
Batting: RHB Ryuki Ogasawara
|
0-0: Called Strike 0-1: Swinging Strike 0-2: Ball 1-2: Ball 2-2: Foul Ball, location: 2F 2-2: Ground out 6-3 (Groundball, 6, EV 110.6 MPH)
|
|
Batting: RHB Yutaka Oki
|
0-0: Called Strike 0-1: Ball 1-1: Swinging Strike 1-2: Ball 2-2: Fly out, F4 (Line Drive, 4, EV 67.5 MPH)
|
|
Batting: RHB Daniel Rivera
|
0-0: Ball 1-0: Foul Ball, location: 2F 1-1: Foul Ball, location: 2F 1-2: Strikes out looking
|
| Top of the 3rd over - 0 runs, 0 hits, 0 errors, 0 left on base; Hillsboro 1 - West Virginia 1 |
| BOTTOM OF THE 3RD |
|
West Virginia Black Bears batting - Pitching for Hillsboro Hops : RHP Jose Rodas
|
|
Batting: LHB Randy Boone
|
0-0: Swinging Strike 0-1: Foul Ball, location: 2F 0-2: Strikes out swinging
|
|
Batting: RHB John Goynes
|
0-0: Called Strike 0-1: Hit by Pitch
|
|
Batting: RHB Chris McCoy
|
0-0: Called Strike 0-1: Called Strike 0-2: Ball 1-2: Ball 2-2: Foul Ball, location: 2F 2-2: Ball 3-2: DOUBLE (Groundball, 5L, EV 105.0 MPH) John Goynes to third
|
|
Batting: LHB Norm Silveira-Wray
|
0-0: Foul Ball, location: 2F 0-1: Ball 1-1: Called Strike 1-2: Foul Ball, location: 2F 1-2: Strikes out swinging, 2-3 out at first.
|
|
Batting: LHB Joe Wise
|
0-0: 3-RUN HOME RUN (Flyball, 9D, EV 96.2 MPH), Distance : 384 ft
|
|
Batting: RHB Jeff Edwards
|
0-0: Ground out 4-3 (Groundball, 4, EV 87.5 MPH)
|
| Bottom of the 3rd over - 3 runs, 2 hits, 0 errors, 0 left on base; Hillsboro 1 - West Virginia 4 |
| TOP OF THE 4TH |
|
Hillsboro Hops batting - Pitching for West Virginia Black Bears : RHP James Cornette
|
|
Batting: RHB Terry Jarrells
|
0-0: Called Strike 0-1: Called Strike 0-2: Ball 1-2: Ball 2-2: SOLO HOME RUN (Flyball, 78XD, EV 115.6 MPH), Distance : 442 ft
|
|
Batting: RHB Tim Borden
|
0-0: Ball 1-0: Called Strike 1-1: Swinging Strike 1-2: Strikes out swinging
|
|
Batting: LHB Franklin Quezada
|
0-0: Ball 1-0: SOLO HOME RUN (Flyball, 9D, EV 98.1 MPH), Distance : 379 ft
|
|
Batting: RHB Danny Loyola
|
0-0: Ball 1-0: Called Strike 1-1: Foul Ball, location: 2F 1-2: Foul Ball, location: 2F 1-2: Strikes out swinging
|
|
Batting: RHB John Ricketts
|
0-0: Called Strike 0-1: Ground out 6-3 (Groundball, 6, EV 111.2 MPH)
|
| Top of the 4th over - 2 runs, 2 hits, 0 errors, 0 left on base; Hillsboro 3 - West Virginia 4 |
| BOTTOM OF THE 4TH |
|
West Virginia Black Bears batting - Pitching for Hillsboro Hops : RHP Jose Rodas
|
|
Batting: LHB Donald Imre
|
0-0: Ball 1-0: Called Strike 1-1: Ground out U3 (Groundball, 34, EV 81.9 MPH)
|
|
Batting: RHB Tom Tate
|
0-0: Ball 1-0: Ball 2-0: Ball 3-0: Called Strike 3-1: SINGLE (Groundball, 6MD, EV 98.1 MPH)
|
|
Batting: LHB Brandon Sarni
|
0-0: Called Strike 0-1: Ball 1-1: Foul Ball, location: 2F 1-2: Ball 2-2: Foul Ball, location: 2F 2-2: Strikes out swinging
|
|
Batting: LHB Randy Boone
|
0-0: Ball 1-0: Foul Ball, location: 2F 1-1: Ball 2-1: Ball 3-1: Fielders Choice at 2nd, 5-4 (Groundball, 5, EV 93.8 MPH)
|
| Bottom of the 4th over - 0 runs, 1 hit, 0 errors, 1 left on base; Hillsboro 3 - West Virginia 4 |
| TOP OF THE 5TH |
|
Hillsboro Hops batting - Pitching for West Virginia Black Bears : RHP James Cornette
|
|
Batting: RHB Chris McGrath
|
0-0: Ground out 5-3 (Groundball, 56, EV 84.4 MPH)
|
|
Batting: RHB Ryuki Ogasawara
|
0-0: Ball 1-0: Called Strike 1-1: SOLO HOME RUN (Flyball, 7D, EV 97.5 MPH) (Inside the Park)
|
|
Batting: RHB Yutaka Oki
|
0-0: Ball 1-0: Swinging Strike 1-1: Ball 2-1: Ball 3-1: Foul Ball, location: 2F 3-2: Base on Balls
|
|
Batting: RHB Daniel Rivera
|
0-0: Called Strike Yutaka Oki steals 2nd base 0-1: Ball 1-1: 2-RUN HOME RUN (Flyball, 78XD, EV 109.4 MPH), Distance : 440 ft
|
|
Pitching: RHP Mike West
|
|
|
Batting: RHB Terry Jarrells
|
0-0: Fly out, F8 (Line Drive, 8RS, EV 94.4 MPH)
|
|
Batting: RHB Tim Borden
|
0-0: Called Strike 0-1: Ball 1-1: Ground out 6-3 (Groundball, 6, EV 78.1 MPH)
|
| Top of the 5th over - 3 runs, 2 hits, 0 errors, 0 left on base; Hillsboro 6 - West Virginia 4 |
| BOTTOM OF THE 5TH |
|
West Virginia Black Bears batting - Pitching for Hillsboro Hops : RHP Jose Rodas
|
|
Batting: RHB John Goynes
|
0-0: Swinging Strike 0-1: Ball 1-1: Ground out 6-3 (Groundball, 6MS, EV 70.0 MPH)
|
|
Batting: RHB Chris McCoy
|
0-0: Ball 1-0: Ball 2-0: SINGLE (Groundball, 56S, EV 65.6 MPH) (infield hit)
|
|
Batting: LHB Norm Silveira-Wray
|
0-0: Called Strike Chris McCoy steals 2nd base 0-1: Ground out 4-3 (Groundball, 4, EV 83.8 MPH) Chris McCoy to third
|
|
Batting: LHB Joe Wise
|
0-0: Called Strike 0-1: Fly out, F7 (Line Drive, 78S, EV 86.9 MPH)
|
| Bottom of the 5th over - 0 runs, 1 hit, 0 errors, 1 left on base; Hillsboro 6 - West Virginia 4 |
| TOP OF THE 6TH |
|
Hillsboro Hops batting - Pitching for West Virginia Black Bears : RHP Mike West
|
|
Batting: LHB Franklin Quezada
|
0-0: Ball 1-0: Foul Ball, location: 2F 1-1: SINGLE (Groundball, 4MD, EV 99.4 MPH)
|
|
Batting: RHB Danny Loyola
|
0-0: Ball 1-0: Called Strike Franklin Quezada is caught stealing 2nd base 2-4 1-1: Foul Ball, location: 2F 1-2: Ball 2-2: Foul Ball, location: 2F 2-2: Foul Ball, location: 2F 2-2: Fly out, F9 (Flyball, 9, EV 85.6 MPH)
|
|
Batting: RHB John Ricketts
|
0-0: Foul Ball, location: 2F 0-1: Called Strike 0-2: Ball 1-2: Ball 2-2: Ball 3-2: Strikes out swinging
|
| Top of the 6th over - 0 runs, 1 hit, 0 errors, 0 left on base; Hillsboro 6 - West Virginia 4 |
| BOTTOM OF THE 6TH |
|
West Virginia Black Bears batting - Pitching for Hillsboro Hops : RHP Jose Rodas
|
|
Now in LF: Dallas Kelly
|
|
|
Batting: RHB Jeff Edwards
|
0-0: Foul Ball, location: 2F 0-1: Ball 1-1: Ball 2-1: Foul Ball, location: 2F 2-2: Foul Ball, location: 2F 2-2: Foul Ball, location: 2F 2-2: Fly out, F8 (Flyball, 8LD, EV 91.9 MPH)
|
|
Batting: LHB Donald Imre
|
0-0: Foul Ball, location: 2F 0-1: Foul Ball, location: 2F 0-2: Strikes out swinging
|
|
Batting: RHB Tom Tate
|
0-0: Ball 1-0: Foul Ball, location: 2F 1-1: Ground out 6-3 (Groundball, 6, EV 80.0 MPH)
|
| Bottom of the 6th over - 0 runs, 0 hits, 0 errors, 0 left on base; Hillsboro 6 - West Virginia 4 |
| TOP OF THE 7TH |
|
Hillsboro Hops batting - Pitching for West Virginia Black Bears : RHP Mike West
|
|
Batting: LHB Dallas Kelly
|
0-0: Ground out 4-3 (Groundball, 34, EV 87.5 MPH)
|
|
Batting: RHB Ryuki Ogasawara
|
0-0: Foul Ball, location: 2F 0-1: Swinging Strike 0-2: Ball 1-2: Strikes out swinging
|
|
Batting: RHB Yutaka Oki
|
0-0: Swinging Strike 0-1: Ball 1-1: Ball 2-1: Called Strike 2-2: Ball 3-2: Foul Ball, location: 2F 3-2: Base on Balls
|
|
Pitching: RHP Dave Weinraub
|
|
|
Batting: RHB Daniel Rivera
|
0-0: Called Strike Yutaka Oki steals 2nd base 0-1: Called Strike 0-2: Strikes out looking
|
| Top of the 7th over - 0 runs, 0 hits, 0 errors, 1 left on base; Hillsboro 6 - West Virginia 4 |
| BOTTOM OF THE 7TH |
|
West Virginia Black Bears batting - Pitching for Hillsboro Hops : RHP Jose Rodas
|
|
Batting: LHB Brandon Sarni
|
0-0: Foul Ball, location: 2F 0-1: Fly out, F7 (Flyball, 78D, EV 91.2 MPH)
|
|
Batting: LHB Randy Boone
|
0-0: Called Strike 0-1: Foul Ball, location: 2F 0-2: Ball 1-2: Ground out 1-3 (Groundball, 34S, EV 70.0 MPH)
|
|
Batting: RHB John Goynes
|
0-0: Ball 1-0: Ball 2-0: Swinging Strike 2-1: Swinging Strike 2-2: Strikes out swinging
|
| Bottom of the 7th over - 0 runs, 0 hits, 0 errors, 0 left on base; Hillsboro 6 - West Virginia 4 |
| TOP OF THE 8TH |
|
Hillsboro Hops batting - Pitching for West Virginia Black Bears : RHP Dave Weinraub
|
|
Batting: RHB Terry Jarrells
|
0-0: Ball 1-0: Ball 2-0: Ball 3-0: Called Strike 3-1: Base on Balls
|
|
Batting: RHB Tim Borden
|
0-0: Ball 1-0: Swinging Strike 1-1: Called Strike 1-2: Foul Ball, location: 2F 1-2: Foul Ball, location: 2F 1-2: 2-RUN HOME RUN (Flyball, 78XD, EV 108.8 MPH), Distance : 432 ft
|
|
Batting: LHB Franklin Quezada
|
0-0: Called Strike 0-1: SINGLE (Groundball, 4MD, EV 98.1 MPH)
|
|
Batting: RHB Danny Loyola
|
0-0: Fly out, F7 (Flyball, 78M, EV 85.6 MPH)
|
|
Batting: RHB John Ricketts
|
0-0: Ball 1-0: Called Strike 1-1: Called Strike Franklin Quezada is caught stealing 2nd base 2-4 1-2: Foul Ball, location: 2F 1-2: Ball 2-2: Foul Ball, location: 2F 2-2: Foul Ball, location: 2F 2-2: SOLO HOME RUN (Flyball, 7D, EV 101.9 MPH), Distance : 391 ft
|
|
Pitching: RHP Frank Morris
|
|
|
Batting: LHB Dallas Kelly
|
0-0: Ball 1-0: Called Strike 1-1: Swinging Strike 1-2: Strikes out swinging
|
| Top of the 8th over - 3 runs, 3 hits, 0 errors, 0 left on base; Hillsboro 9 - West Virginia 4 |
| BOTTOM OF THE 8TH |
|
West Virginia Black Bears batting - Pitching for Hillsboro Hops : RHP Jose Rodas
|
|
Batting: RHB Chris McCoy
|
0-0: Ball 1-0: Ball 2-0: SINGLE (Line Drive, 7S, EV 104.4 MPH)
|
|
Pitching: RHP Franklin Salazar
|
|
|
Batting: LHB Norm Silveira-Wray
|
0-0: Ball 1-0: Ball 2-0: Called Strike 2-1: Ball 3-1: Base on Balls Chris McCoy to second
|
|
Batting: LHB Joe Wise
|
0-0: Ball 1-0: Called Strike 1-1: Called Strike 1-2: Ball 2-2: Ball 3-2: Foul Ball, location: 2F 3-2: Fielders Choice at 2nd, 4-6 (Groundball, 4, EV 96.9 MPH) Chris McCoy to third
|
|
Batting: RHB Jeff Edwards
|
0-0: Ball 1-0: Ball 2-0: Fly out, F9 (Flyball, 89D, EV 96.2 MPH) Runner from 3rd tags up, SCORES, throw by RF
|
|
Batting: LHB Donald Imre
|
0-0: Called Strike 0-1: Ball 1-1: Foul Ball, location: 2F 1-2: Ball 2-2: Ball 3-2: Strikes out swinging
|
| Bottom of the 8th over - 1 run, 1 hit, 0 errors, 1 left on base; Hillsboro 9 - West Virginia 5 |
| TOP OF THE 9TH |
|
Hillsboro Hops batting - Pitching for West Virginia Black Bears : RHP Frank Morris
|
|
Batting: RHB Ryuki Ogasawara
|
0-0: Ball 1-0: Swinging Strike 1-1: Ball 2-1: Ball 3-1: Called Strike 3-2: Strikes out looking
|
|
Batting: RHB Yutaka Oki
|
0-0: Ball 1-0: Fly out, F7 (Flyball, 7, EV 86.2 MPH)
|
|
Batting: RHB Daniel Rivera
|
0-0: Called Strike 0-1: Ball 1-1: Ball 2-1: Foul Ball, location: 2F 2-2: Fly out, F7 (Line Drive, 7, EV 86.2 MPH)
|
| Top of the 9th over - 0 runs, 0 hits, 0 errors, 0 left on base; Hillsboro 9 - West Virginia 5 |
| BOTTOM OF THE 9TH |
|
West Virginia Black Bears batting - Pitching for Hillsboro Hops : RHP Franklin Salazar
|
|
Batting: RHB Tom Tate
|
0-0: Ball 1-0: Ground out 6-3 (Groundball, 6, EV 99.4 MPH)
|
|
Batting: LHB Brandon Sarni
|
0-0: Ball 1-0: Swinging Strike 1-1: Foul Ball, location: 2F 1-2: Ground out 6-3 (Groundball, 6, EV 84.4 MPH)
|
|
Batting: LHB Randy Boone
|
0-0: Called Strike 0-1: Ball 1-1: Ball 2-1: Swinging Strike 2-2: Ball 3-2: Foul Ball, location: 2F 3-2: Ground out 6-3 (Groundball, 6, EV 96.9 MPH)
|
| Bottom of the 9th over - 0 runs, 0 hits, 0 errors, 0 left on base; Hillsboro 9 - West Virginia 5 |
|